AoeStats
← zamithdaniel

Black Forest

508555290Analyzed
2v2 RM · 10d ago on Sep 23, 2026· 73m 19s· 4 players
Game mode
Random Map
Map size
Medium (4 player)
Population
200
Speed
Normal
Resources
Standard
Victory
Conquest
Starting age
Dark Age
Ending age
Imperial Age
RankedLock teamsTeams togetherTeam positionsShared explorationLock speedFull tech treeHidden civsTurbo modeCheats
Victory
Defeat
🇨🇴 Turks · Colombia
925
+16
🇨🇴 Britons · Colombia
913
+16
🇦🇷 Bohemians · Argentina
959
-18
🇨🇱 Burmese · Chile
878
-14
zamithdaniel
10:57 Feudal Age
12:08 Double-Bit Axe
17:48 Castle Age
16:56 Horse Collar
26:57 Gold Mining
27:00 Stone Mining
67:36 Forging
67:32 Scale Barding Armor
Dovahkyn
4:00 Loom
10:45 Feudal Age
16:33 Castle Age
15:35 Double-Bit Axe
15:37 Horse Collar
21:16 Heavy Plow
21:46 Town Watch
24:23 Bow Saw
26:37 Fervor
27:04 Ballistics
26:54 Gold Mining
26:57 Stone Mining
27:34 Fletching
29:54 Bodkin Arrow
29:59 Padded Archer Armor
33:02 Imperial Age
32:00 Leather Archer Armor
32:10 Yeomen
31:40 Treadmill Crane
32:10 Fortified Wall
31:44 Treadmill Crane
33:17 Wheelbarrow
33:24 Gold Shaft Mining
35:17 Chemistry
34:40 Conscription
34:46 Conscription
34:49 Heavy Scorpion
35:47 Bracer
36:17 Ring Archer Armor
37:24 Elite Longbowman
38:53 Siege Engineers
41:18 Two-Man Saw
40:36 Hand Cart
44:56 Warwolf
50:19 Pikeman
50:59 Squires
50:45 Gambesons
51:15 Forging
51:06 Scale Mail Armor
62:58 Halberdier
65:20 Iron Casting
65:00 Chain Mail Armor
68:27 Blast Furnace
67:57 Plate Mail Armor
[LOPDA] NEO
0:28 Loom
12:50 Feudal Age
17:29 Castle Age
16:43 Double-Bit Axe
18:54 Bow Saw
19:38 Horse Collar
19:47 Pikeman
40:08 Imperial Age
38:51 Heavy Plow
41:17 Conscription
40:18 Elite Hussite Wagon
40:30 Cavalier
41:26 Scale Barding Armor
41:32 Forging
41:24 Scale Mail Armor
46:17 Wheelbarrow
45:28 Town Watch
50:53 Town Patrol
51:09 Hand Cart
56:39 Two-Man Saw
56:09 Chain Barding Armor
56:25 Iron Casting
55:41 Fletching
57:37 Husbandry
61:37 Onager
69:53 Halberdier
El_Oz0
3:03 Loom
10:18 Feudal Age
10:49 Horse Collar
16:14 Castle Age
17:34 Heavy Plow
23:55 Wheelbarrow
25:02 Husbandry
25:12 Bloodlines
25:15 Gold Mining
25:16 Stone Mining
25:05 Light Cavalry
26:54 Hand Cart
28:05 Gold Shaft Mining
28:13 Manipur Cavalry
29:09 Scale Barding Armor
29:45 Town Watch
31:25 Forging
33:22 Chain Barding Armor
43:53 Iron Casting
Connection lost

Rejoining the realm…

Still unreachable

The connection could not be restored.

Session expired

The server has moved on; the page needs a fresh start.